 Dungeon Crawl Stone Soup version 0.24.0-10-g970556be89 (webtiles) character file.

Game seed: 2268395309686028167, levelgen mode: deterministic

30773 4FPSwarrior the Thaumaturge (level 13, -4/68 HPs)
             Began as a Deep Elf Wizard on Nov 3, 2019.
             Was a High Priest of Vehumet.
             Slain by a wyvern (45 damage)
             ... on level 5 of the Lair of Beasts on Nov 4, 2019.
             The game lasted 02:19:49 (25805 turns).

4FPSwarrior the Thaumaturge (Deep Elf Wizard)      Turns: 25805, Time: 02:19:50

Health: -4/68      AC:  8    Str:  7    XL:     13   Next: 22%
Magic:  26/30      EV: 14    Int: 29    God:    Vehumet [*****.]
Gold:   986        SH:  0    Dex: 13    Spells: 6/34 levels left

rFire    . . .     SeeInvis .   Z - staff of wizardry
rCold    . . .     Gourm    .   t - +0 shield
rNeg     . . .     Faith    .   i - +3 leather armour {rPois}
rPois    +         Spirit   .   X - +1 helmet
rElec    .         Reflect  +   (no cloak)
rCorr    .         Harm     .   (no gloves)
MR       ++...                  (no boots)
Stlth    +++.......             e - +6 amulet of reflection
HPRegen  0.21/turn              a - ring of protection from magic
MPRegen  0.22/turn              L - +3 ring of intelligence

@: sleeping
A: no striking features
a: Renounce Religion


You were on level 5 of the Lair of Beasts.
You worshipped Vehumet.
Vehumet was extremely pleased with you.
You were not hungry.

You visited 3 branches of the dungeon, and saw 18 of its levels.
You also visited: Sewer and Gauntlet.

You collected 986 gold pieces.

Inventory:

Hand Weapons
 A - a +3 dagger of venom
 F - a +4 trident
Missiles
 w - 16 curare-tipped darts (quivered)
 G - 51 poisoned darts
 H - 3 atropa-tipped darts
Armour
 i - a +3 leather armour of poison resistance (worn)
 t - a +0 shield (worn)
 O - a +0 large shield
 R - a +2 robe of fire resistance
 V - the +1 ring mail of Yraugh {MR+ Int+7}
   (You found it on level 4 of the Lair of Beasts)

   It affects your intelligence (+7).
   It affects your resistance to hostile enchantments.
 X - a +1 helmet (worn)
Magical Staves
 Z - an uncursed staff of wizardry (weapon)
Jewellery
 a - a ring of protection from magic (left hand)
 e - a +6 amulet of reflection (around neck)
 y - an uncursed ring of see invisible
 J - an uncursed ring of flight
 L - a +3 ring of intelligence (right hand)
 S - an uncursed ring of protection from fire
Wands
 r - a wand of paralysis (13)
 s - a wand of disintegration (10)
 v - a wand of digging (4)
 B - a wand of iceblast (7)
 E - a wand of acid (8)
 M - a wand of flame (26)
 W - a wand of enslavement (6)
Scrolls
 j - a scroll of magic mapping {unknown}
 k - 7 scrolls of remove curse
 l - 2 scrolls of enchant weapon
 m - 2 scrolls of fear
 o - a scroll of immolation {unknown}
 p - 8 scrolls of teleportation
 x - a scroll of amnesia
 D - 3 scrolls of blinking
 I - a scroll of vulnerability {unknown}
 K - a scroll of fog
 P - a scroll of summoning {unknown}
 Q - a scroll of enchant armour
 Y - a scroll of acquirement {unknown}
Potions
 b - a potion of agility {unknown}
 c - 5 potions of curing
 f - 2 potions of flight
 h - 2 potions of heal wounds
 n - a potion of resistance
 q - 2 potions of brilliance
 u - a potion of mutation
 z - 2 potions of magic
 C - 5 potions of lignification
 N - a potion of berserk rage {unknown}
 T - a potion of haste
 U - a potion of cancellation {unknown}
Comestibles
 d - 38 rations


   Skills:
 + Level 2.6 Fighting
 + Level 8.5 Dodging
 - Level 5.0 Stealth
 + Level 7.8 Shields
 * Level 11.2 Spellcasting
 - Level 10.0 Conjurations
 * Level 4.9 Charms
 - Level 5.0 Summonings
 - Level 3.0 Translocations
 + Level 9.9 Fire Magic
 + Level 5.6 Ice Magic
 - Level 5.0 Air Magic
 - Level 5.0 Poison Magic
 + Level 5.2 Evocations


You had 6 spell levels left.
You knew the following spells:

 Your Spells              Type           Power        Failure   Level  Hunger
a - Magic Dart            Conj           ####         1%          1    None
b - Call Imp              Summ           #####...     1%          2    None
c - Blink                 Tloc           N/A          2%          2    None
d - Mephitic Cloud        Conj/Pois/Air  ######..     1%          3    None
e - Conjure Flame         Conj/Fire      ######..     1%          3    None
f - Ignite Poison         Fire/Tmut/Pois #####...     1%          3    None
g - Fireball              Conj/Fire      ######....   1%          5    ###....
h - Throw Icicle          Conj/Ice       ######..     1%          4    None
i - Iskenderun's Battles  Conj/Chrm      ######..     1%          5    ###....

Your spell library contained the following spells:

 Spells                   Type           Power        Failure   Level  Hunger
 Shroud of Golubria       Chrm/Tloc      #####.       1%          2    None
 Gell's Gravitas          Tloc           ####......   4%          3    None
 Lesser Beckoning         Tloc           ####......   4%          3    None
 Teleport Other           Tloc           ####....     4%          3    None
 Slow                     Hex            ###.....     8%          2    None
 Passage of Golubria      Tloc           N/A          14%         4    None


Dungeon Overview and Level Annotations

Branches:
Dungeon (11/15)            Temple (1/1) D:6            Lair (6/6) D:11
 Shoals (0/4) Lair:2        Snake (0/4) Lair:2        Slime (0/5) Lair:5
    Orc (0/2) D:9           Sewer (visited)         Gauntlet (visited)

Altars:
Ashenzari
Cheibriados
Dithmenos
Elyvilon
Fedhas
Gozag
Hepliaklqana
Kikubaaqudgha
Makhleb
Nemelex Xobeh
Okawaru
Qazlal
Ru
Sif Muna
Trog
Uskayaw
Vehumet
Wu Jian
Xom
Yredelemnul
Zin
The Shining One

Shops:
D:7 %

Annotations:
D:11 3 runed translucent doors, exclusion: 3 doors
Lair:1 2 transporters, opiumtea's ghost, journeyman OpCj


Message History

The dream sheep bleats!
You block the dream sheep's attack. x2; The dream sheep closely misses you.
The wyvern closely misses you.
The dream sheep bites you but does no damage.
You climb upwards.
There is a stone staircase leading down here.
Unknown command.
Casting: Magic Dart (safe; 1% risk of failure)
Confirm with . or Enter, or press ? or * to list all spells.
You blink.
You block the wyvern's attack. The dream sheep bites you.
The wyvern barely misses you.
Casting: Blink (safe; 2% risk of failure)
Confirm with . or Enter, or press ? or * to list all spells.
You blink.
The dream sheep shake their wool and sparkle.
You feel drowsy...
You fall asleep.
The dream sheep barely misses you. x2
The wyvern bites you!!!
Ouch! That really hurt!
You die...

#..[# ##.....#####.##.#+#....#
##P..# #......# #####........
#...#### #..#.##### #........
#..P##.###'..#.P#.# #........
.......##.......ยง.## ##........
...................# #.........
................YY## ###.........
.......#.......lYY.###.##..<.....
.......#........@...###.......#..
<.......#.........P.##.##......?.
........#.....................#..
....<..#..........#.###..........
.##..P#.........#.### ###.#......
###.###.###.#..###.# ##.#.....
### ### ####....## ###.....
#...P## ##P... ####..P..# ##..#.


You could see a wyvern and 4 dream sheep.

Vanquished Creatures
  Nessos (Lair:5)
  3 hydras
  2 death knights (D:10)
  Nergalle (Lair:1)
  2 manticores
  4 oklob plants
  5 elephants (Lair:3)
  3 black mambas
  A spiny frog (Lair:1)
  A kobold demonologist (D:11)
  2 rime drakes (Lair:4)
  5 komodo dragons
  A queen bee (Lair:3)
  A troll (D:10)
  3 blink frogs (Lair:2)
  9 hippogriffs
  3 wyverns
  28 yaks
  2 basilisks
  7 porcupines
  14 water moccasins
  An ice beast (D:8)
  An ogre (D:11)
  11 orc warriors
  A sky beast (D:8)
  4 wolves
  9 centaurs
  6 crocodiles
  Blork the orc (D:6)
  5 big kobolds
  14 bullfrogs
  A wyvern skeleton (D:10)
  4 scorpions
  Dowan (D:6)
  23 killer bees
  2 electric eels (D:9)
  8 howler monkeys
  3 crimson imps
  3 bullfrog zombies
  13 orc priests
  11 jellies
  A centaur zombie (D:5)
  6 hounds
  11 orc wizards
  A centaur skeleton (D:4)
  4 bullfrog skeletons
  3 iguanas
  10 worker ants
  A hound zombie (D:9)
  A worker ant zombie (D:6)
  3 gnolls (D:8)
  11 adders
  4 shadow imps
  13 oozes
  An adder zombie (D:5)
  A worm (D:2)
  9 dart slugs (D:5)
  8 leopard geckos
  45 orcs
  6 ball pythons
  4 giant cockroaches
  14 goblins
  12 hobgoblins
  15 jackals
  4 quokkas
  10 bats
  6 frilled lizards
  34 kobolds
  A quokka zombie (D:4)
  9 rats
  2 fungi
  8 plants
478 creatures vanquished.

Vanquished Creatures (collateral kills)
  A yak (D:10)
  Grum (D:9)
  A steam dragon (D:8)
  Duvessa (D:6)
  2 water moccasins
  2 orc warriors
  An ice beast (D:9)
  A wolf (D:9)
  2 bullfrogs
  A killer bee (D:11)
  3 howler monkeys
  A crimson imp (D:8)
  An orc priest (D:5)
  3 jellies (Lair:1)
  An orc wizard (D:4)
  Terence (D:3)
  An iguana (D:4)
  A worker ant (D:4)
  6 adders
  4 oozes (Lair:1)
  3 worms
  6 orcs
  A giant cockroach (D:4)
  2 goblins
  2 hobgoblins
  3 kobolds
  A frilled lizard (Sewer)
  A rat (D:3)
  A plant (Sewer)
55 creatures vanquished.

Vanquished Creatures (others)
  A centaur (D:11)
  13 fungi
  8 plants
22 creatures vanquished.

Grand Total: 555 creatures vanquished

Notes
Turn   | Place    | Note
-------+----------+-------------------------------------------
     0 | D:1      | 4FPSwarrior the Deep Elf Wizard began the quest for the
                  | Orb.
     0 | D:1      | Reached XP level 1. HP: 10/10 MP: 7/7
   241 | D:1      | Reached XP level 2. HP: 15/15 MP: 5/9
   505 | D:1      | Reached skill level 5 in Spellcasting
   844 | D:1      | Reached XP level 3. HP: 19/19 MP: 9/11
   914 | D:1      | Learned a level 2 spell: Call Imp
   973 | D:1      | Learned a level 2 spell: Blink
   977 | D:1      | Learned a level 3 spell: Mephitic Cloud
   981 | D:1      | Learned a level 3 spell: Conjure Flame
  1138 | D:2      | Found a radiant altar of Vehumet.
  1177 | D:2      | Became a worshipper of Vehumet
  1446 | D:2      | Found a faded altar of an unknown god.
  1985 | D:2      | Reached skill level 1 in Fire Magic
  1985 | D:2      | Reached XP level 4. HP: 24/24 MP: 4/13
  2628 | D:3      | Reached * piety under Vehumet
  2628 | D:3      | Offered knowledge of Flame Tongue by Vehumet.
  2692 | D:3      | Reached skill level 1 in Poison Magic
  2792 | D:3      | Noticed Terence
  2814 | D:3      | Killed Terence
  2814 | D:3      | Reached skill level 1 in Air Magic
  3157 | D:3      | Reached XP level 5. HP: 28/28 MP: 13/15
  4433 | D:4      | Reached ** piety under Vehumet
  4433 | D:4      | Offered knowledge of Searing Ray by Vehumet.
  4453 | D:4      | Found a glowing drain.
  4469 | Sewer    | Entered a sewer
  4640 | Sewer    | Reached XP level 6. HP: 32/32 MP: 13/16
  5754 | D:4      | Reached skill level 1 in Shields
  5919 | D:4      | Found a shimmering blue altar of Sif Muna.
  5937 | D:4      | Reached skill level 6 in Spellcasting
  6388 | D:5      | Entered Level 5 of the Dungeon
  6616 | D:5      | Reached XP level 7. HP: 35/36 MP: 14/18
  6772 | D:5      | Offered knowledge of Ignite Poison by Vehumet.
  7276 | D:5      | Reached *** piety under Vehumet
  7340 | D:5      | Learned a level 3 spell: Ignite Poison
  7742 | D:6      | Reached skill level 5 in Conjurations
  8028 | D:6      | Noticed Dowan
  8032 | D:6      | Noticed Duvessa
  8035 | D:6      | Killed Dowan
  8035 | D:6      | Reached XP level 8. HP: 41/41 MP: 9/19
  8059 | D:6      | Killed Duvessa
  8234 | D:6      | Found a staircase to the Ecumenical Temple.
  8241 | Temple   | Entered the Ecumenical Temple
  9576 | D:6      | Found a snail-covered altar of Cheibriados.
  9576 | D:6      | Found a hazy altar of Hepliaklqana.
  9576 | D:6      | Noticed Blork the orc
  9588 | D:6      | Killed Blork the orc
  9737 | D:7      | Reached skill level 7 in Spellcasting
  9742 | D:7      | Offered knowledge of Sticky Flame by Vehumet.
  9745 | D:7      | Found a sparkling altar of Nemelex Xobeh.
 10171 | D:7      | Found Vud Rein's Food Shoppe.
 10390 | D:7      | Found a blossoming altar of Fedhas.
 10863 | D:8      | Reached XP level 9. HP: 45/45 MP: 6/21
 11277 | D:8      | Reached **** piety under Vehumet
 11288 | D:8      | Found a shattered altar of Ashenzari.
 11674 | D:8      | Offered knowledge of Fireball by Vehumet.
 12376 | D:9      | Noticed Grum
 12454 | D:8      | Learned a level 5 spell: Fireball
 12549 | D:9      | Reached skill level 8 in Spellcasting
 12559 | D:9      | Reached skill level 5 in Fire Magic
 12559 | D:9      | Reached skill level 5 in Summonings
 12813 | D:9      | Reached skill level 5 in Poison Magic
 12813 | D:9      | Reached XP level 10. HP: 50/50 MP: 6/24
 13011 | D:9      | Killed Grum
 13219 | D:9      | Reached ***** piety under Vehumet
 13221 | D:9      | Found a staircase to the Orcish Mines.
 13225 | D:9      | Offered knowledge of Throw Icicle by Vehumet.
 13225 | D:9      | Reached skill level 5 in Dodging
 13978 | D:10     | Entered Level 10 of the Dungeon
 14508 | D:10     | Reached skill level 5 in Air Magic
 14879 | D:10     | Learned a level 4 spell: Throw Icicle
 14907 | D:10     | Noticed a death knight
 14915 | D:10     | Noticed a death knight
 15028 | D:10     | Killed a death knight
 15028 | D:10     | Reached skill level 9 in Spellcasting
 15028 | D:10     | Reached skill level 1 in Ice Magic
 15028 | D:10     | HP: 2/50 [mirror damage (7)]
 15349 | D:10     | Reached skill level 5 in Shields
 15454 | D:10     | Found a white marble altar of Elyvilon.
 15863 | D:10     | Reached XP level 11. HP: 54/54 MP: 7/26
 16119 | D:10     | Killed a death knight
 16268 | D:10     | Reached skill level 1 in Evocations
 16485 | D:11     | Found a runed translucent gate.
 16485 | D:11     | Found a runed translucent gate.
 16485 | D:11     | Found a runed translucent gate.
 16486 | D:11     | Noticed a green ugly thing
 16487 | D:11     | Noticed a brown very ugly thing
 16487 | D:11     | Noticed a red ugly thing
 16487 | D:11     | Noticed a cyan ugly thing
 16487 | D:11     | Noticed a cyan ugly thing
 16487 | D:11     | Noticed a glowing orange brain
 16488 | D:11     | Noticed a cyan ugly thing
 16990 | D:11     | Noticed an oklob plant
 16993 | D:11     | Killed an oklob plant
 17105 | D:11     | Noticed an oklob plant
 17248 | D:11     | Killed an oklob plant
 17347 | D:11     | Found a staircase to the Lair.
 18253 | Lair:1   | Entered Level 1 of the Lair of Beasts
 18451 | Lair:1   | Offered knowledge of Force Lance by Vehumet.
 18751 | Lair:1   | Found a transporter.
 18753 | Lair:1   | Found a transporter.
 18753 | Lair:1   | Noticed opiumtea's ghost (journeyman OpCj)
 18917 | Lair:1   | Reached skill level 10 in Conjurations
 19181 | Lair:1   | Noticed Nergalle
 19191 | Lair:1   | Killed Nergalle
 19550 | Lair:1   | Noticed an oklob plant
 19775 | Lair:1   | Killed an oklob plant
 19775 | Lair:1   | Reached XP level 12. HP: 59/59 MP: 16/27
 20359 | Lair:2   | Found a staircase to the Snake Pit.
 20373 | Lair:2   | Reached skill level 5 in Stealth
 20382 | Lair:2   | Reached skill level 10 in Spellcasting
 20406 | Lair:2   | Noticed a four-headed hydra
 20409 | Lair:2   | Killed a four-headed hydra
 20520 | Lair:2   | Found a staircase to the Shoals.
 21434 | Lair:3   | Offered knowledge of Iskenderun's Battlesphere by Vehumet.
 21436 | Lair:3   | Reached skill level 1 in Fighting
 21446 | Lair:3   | Learned a level 5 spell: Iskenderun's Battlesphere
 21679 | Lair:3   | Reached skill level 1 in Charms
 22382 | Lair:3   | Reached skill level 5 in Ice Magic
 24137 | Lair:4   | Noticed a four-headed hydra
 24142 | Lair:4   | Killed a four-headed hydra
 24142 | Lair:4   | Reached XP level 13. HP: 67/67 MP: 14/29
 24217 | Lair:4   | Got a scorched ring mail
 24339 | Lair:4   | Identified the cursed +1 ring mail of Yraugh {MR+ Int+7}
                  | (You found it on level 4 of the Lair of Beasts)
 24428 | Lair:5   | Found a staircase to the Slime Pits.
 24553 | Lair:5   | Noticed Nessos
 24692 | Lair:5   | Reached skill level 5 in Evocations
 24705 | Lair:5   | Killed Nessos
 24705 | Lair:5   | Reached skill level 11 in Spellcasting
 24790 | Lair:5   | Found a gate leading to a gauntlet.
 24801 | Gauntlet | Entered a Gauntlet
 24801 | Gauntlet | Found a transporter.
 24857 | Gauntlet | Found a transporter.
 24859 | Gauntlet | Found a transporter.
 24876 | Gauntlet | Found a transporter.
 24879 | Gauntlet | Found a transporter.
 24885 | Gauntlet | Found a transporter.
 24900 | Gauntlet | Found a runed translucent gate.
 24901 | Gauntlet | Found a transporter.
 24901 | Gauntlet | Found a runed translucent gate.
 24902 | Gauntlet | Found a runed translucent gate.
 24911 | Gauntlet | Found a transporter.
 24921 | Gauntlet | Found a transporter.
 24936 | Gauntlet | Found a transporter.
 24944 | Gauntlet | Found a transporter.
 24951 | Gauntlet | Found a transporter.
 25456 | Lair:6   | Entered Level 6 of the Lair of Beasts
 25805 | Lair:5   | Slain by a wyvern

Levels and vault maps discovered:
D:1:      dpeg_arrival_connections, layout_basic
D:2:      layout_loops_corners, nicolae_overflow_crystal_walls,
          chequers_ecumenical_altar_simple
D:3:      layout_loops_ring, first_ration, dk_noncrumbling_3, st_stairs_2,
          minmay_circle_x, uniq_terence
D:4:      layout_cave_pods, led_sif_book, cheibrodos_sewer_entry_bend
D:5:      kennysheep_slugbush, layout_loops_corners
D:6:      layout_cave_pods, gammafunk_temple_overflow_statue,
          minmay_temple_entry_tees, corexii_corridor_pit, uniq_duvessa,
          uniq_blork_the_orc
D:7:      layout_loops_ring, nicolae_overflow_hidden_temple, marbit_many_paths,
          serial_shops, kennysheep_mini_moat, chequers_serial_rivers_micro_c
D:8:      layout_basic, lemuel_coloured_pillars_altar, grunt_pizzeria,
          grunt_ministairs_9
D:9:      layout_loops_ring, erik_orc_2, uniq_grum
D:10:     kennysheep_big_flooded_room, layout_basic, basic_altar, kb_rosetta
D:11:     layout_roguey, dpeg_oklobed_lair,
          ploomutoo_gammafunk_ghost_potion_laboratory
Temple:   minmay_freezing_vapour_temple
Lair:1:   lemuel_slime, layout_regular_city, gammafunk_ghost_arena,
          uniq_nergalle
Lair:2:   layout_hall_layers, minmay_shoals_entry_beasts,
          minmay_snake_entry_six_corridors, minmay_lair_oklob_chamber
Lair:3:   layout_roguey, special_room [special_room_bee], zaba_anthole,
          lemuel_fruit_tree
Lair:4:   layout_roguey, serial_bayou_shore_b
Lair:5:   layout_roguey, nicolae_slime_entry_slimehenge, gauntlet_entry_generic,
          chequers_serial_rivers_micro_a, uniq_nessos
Lair:6:   gammafunk_lair_ancient_temple, layout_long_grid, grunt_megastairs_2,
          infiniplex_staircase_pool_2

Skill      XL: |  1  2  3  4  5  6  7  8  9 10 11 12 13 |
---------------+----------------------------------------+-----
Conjurations   | 2 3 4 5 6 7 9 10 | 10.0
Spellcasting   | 5 6 7 8 9 10 11 | 11.2
Fire Magic     | 1 2 3 4 5 7 8 9 |  9.9
Poison Magic   | 1 2 3 4 5 |  5.0
Air Magic      | 1 2 3 4 5 |  5.0
Translocations | 2 3 |  3.0
Summonings     | 2 3 4 5 |  5.0
Shields        | 1 2 3 5 6 7 |  7.8
Dodging        | 3 4 6 7 8 |  8.5
Ice Magic      | 1 3 5 |  5.6
Evocations     | 3 4 5 |  5.2
Stealth        | 4 5 |  5.0
Fighting       | 2 |  2.6
Charms         | 3 4 |  4.9

Action                   |  1- 3 |  4- 6 |  7- 9 | 10-12 | 13-15 || total
-------------------------+-------+-------+-------+-------+-------++-------
Melee: Dagger            |    22 |    42 |       |       |       ||    64
       Trident           |       |   225 |    18 |    26 |       ||   269
Throw: Stone             |       |     9 |       |       |       ||     9
       Dart              |       |       |     4 |    11 |       ||    15
 Cast: Magic Dart        |    92 |   215 |   370 |   316 |    15 ||  1008
       Call Imp          |     8 |    43 |    34 |    17 |       ||   102
       Mephitic Cloud    |       |     1 |    23 |    30 |       ||    54
       Conjure Flame     |       |     1 |     7 |    16 |     1 ||    25
       Ignite Poison     |       |       |    10 |    19 |       ||    29
       Fireball          |       |       |     4 |   102 |    13 ||   119
       Blink             |       |       |     1 |     2 |     2 ||     5
       Throw Icicle      |       |       |       |   132 |    16 ||   148
       Iskenderun's Batt |       |       |       |     2 |     6 ||     8
Evoke: Wand              |       |       |     1 |    25 |     1 ||    27
  Use: Scroll            |       |    11 |     2 |     7 |     3 ||    23
       Potion            |       |     1 |     1 |     2 |       ||     4
 Stab: Sleeping          |       |     1 |       |       |       ||     1
       Distracted        |       |     1 |       |       |       ||     1
  Eat: Chunk             |     3 |    12 |    16 |    30 |     2 ||    63
       Ration            |       |     1 |     1 |     5 |     2 ||     9
Armor: Robe              |     3 |       |       |       |       ||     3
       Leather armour    |     5 |    19 |    28 |    16 |     2 ||    70
Dodge: Dodged            |    21 |    27 |    47 |    51 |     7 ||   153
Block: Other             |       |    13 |    31 |     8 |       ||    52
       Reflection        |       |     4 |     3 |     8 |     1 ||    16
       Shield            |       |       |       |    75 |    11 ||    86
